 Dungeon Crawl Stone Soup version 0.22-a0-558-gc224181 (webtiles) character file.

3480 Amnesiac the Grappler (level 9, 0/63 HPs)
             Began as a Mummy Monk on June 26, 2018.
             Was a High Priest of Okawaru.
             Slain by an orc priest
             ... wielding a +0 hand axe of freezing
             ... summoned by a worldbinder
              (2 damage)
             ... on level 2 of the Abyss.
             The game lasted 00:10:58 (7281 turns).

Amnesiac the Grappler (Mummy Monk)                  Turns: 7281, Time: 00:10:59

Health: 0/63       AC: 15    Str: 18    XL:     9   Next: 79%
Magic:  14/14      EV:  9    Int:  9    God:    Okawaru [*****.]
Gold:   256        SH:  0    Dex: 14    Spells: 8/8 levels left

rFire    x . .     SeeInvis .     - Unarmed
rCold    + . .     Gourm    .   (no shield)
rNeg     + + +     Faith    .   m - +0 plate armour
rPois    ∞         Spirit   .   a - +1 helmet (curse)
rElec    .         Reflect  .   (no cloak)
rCorr    .         Harm     .   (no gloves)
MR       +....                  e - +0 pair of boots
Stlth    ..........             (no amulet)
HPRegen  0.20/turn              n - +3 ring of evasion
MPRegen  0.14/turn              p - +2 ring of protection

@: confused
A: no food or potions, fire vulnerability, cold resistance 1, negative energy
resistance 3, torment resistance, unbreathing
a: Heroism, Finesse, Renounce Religion


You were on level 2 of the Abyss.
You worshipped Okawaru.
Okawaru was extremely pleased with you.
You were not hungry.

You visited 1 branch of the dungeon, and saw 8 of its levels.
You visited the Abyss 1 time.

You collected 343 gold pieces.
You spent 87 gold pieces at shops.

Inventory:

Missiles
 k - 4 needles of sleeping
Armour
 a - a cursed +1 helmet (worn)
 e - a +0 pair of boots (worn)
 m - a +0 plate armour (worn)
Jewellery
 c - a +3 ring of dexterity
 j - an uncursed ring of ice
 n - a +3 ring of evasion (left hand)
 p - a +2 ring of protection (right hand)
Wands
 b - a wand of flame (14)
 f - a wand of scattershot (2)
 g - a wand of iceblast (5)
 h - a wand of disintegration (2)
Scrolls
 d - 5 scrolls of remove curse {!r}
 i - 2 scrolls of teleportation {!r}
 q - a scroll of immolation {!r}


   Skills:
 - Level 3.0 Fighting
 - Level 2.4 Dodging
 - Level 1.5 Stealth
 * Level 10.3 Unarmed Combat
 + Level 6.7 Invocations


You had 8 spell levels left.
You didn't know any spells.
Your spell library was empty.

Dungeon Overview and Level Annotations

Branches:
Dungeon (8/15)             Temple (0/1) D:4
   Lair: D:8-11

Altars:
Ashenzari
Dithmenos
Kikubaaqudgha
Nemelex Xobeh
Okawaru
Ru
Wu Jian
Yredelemnul
The Shining One

Shops:
D:8 *[=

Annotations:
D:8 Psyche


Innate Abilities, Weirdness & Mutations

You do not eat or drink.
Your flesh is vulnerable to fire.
You are immune to poison.
Your flesh is cold resistant. (rC+)
You are immune to negative energy. (rN+++)
You are immune to unholy pain and torment.
You can survive without breathing.


Message History

The golden eye moves out of view.
A golden eye comes into view.
The golden eye turns its gaze towards you.
A large abomination comes into view.
The golden eye blinks at you.
You easily resist.
The golden eye blinks at you.
You are more confused.
The sixfirhy hits you! The sixfirhy shocks you!
Found 26 arrows.
A worldbinder comes into view.
The sixfirhy hits you but does no damage.
The golden eye blinks at you.
You are more confused.
The golden eye blinks at you. You resist with some effort.
You're too confused!
The golden eye blinks at you. You resist with some effort.
A golden eye comes into view.
The golden eye blinks at you.
You are more confused.
The golden eye turns its gaze towards you. x2
The golden eye blinks at you.
You easily resist.
The golden eye blinks at you.
You are more confused.
The golden eye blinks at you. You resist with almost no effort.
The worldbinder calls forth creatures from the Shoals!
The sixfirhy hits you. The sixfirhy shocks you!
* * * LOW HITPOINT WARNING * * *
The golden eye blinks at you. You resist with almost no effort.
Tentacles burst from the starspawn's body!
The worldbinder calls forth creatures from the Orcish Mines!
A cacodemon comes into view. 2 starspawn tentacles come into view.
Unknown command.
The cacodemon shouts!
You punch the orc priest!
The orc priest is severely wounded.
The sixfirhy hits you but does no damage. x2
The golden eye blinks at you.
You are more confused.
The sixfirhy hits you but does no damage.
The golden eye blinks at you.
You are more confused.
The golden eye blinks at you.
You easily resist.
You closely miss the worldbinder.
The sixfirhy hits you but does no damage.
The sixfirhy hits you.
* * * LOW HITPOINT WARNING * * *
The sixfirhy shocks you!
* * * LOW HITPOINT WARNING * * *
A sixfirhy comes into view.
The sixfirhy hits you.
* * * LOW HITPOINT WARNING * * *
The sixfirhy shocks you!
* * * LOW HITPOINT WARNING * * *
The merfolk siren hits you but does no damage.
The orc priest hits you with a hand axe of freezing.
You die...

######.##
##...##..# #
.....#.## .
##... .#x.# .#
#..##..#.## .(
########o.##.#.#
#....m.......#
#..##oxx3.#.#.#
##G@o..#..
....X.GG###....
...wwG>G# ...#
.......X. .##
.........# .
32.......#
.........#
########.#


You could see a cacodemon, a tentacled starspawn, an ancient zyme, a large
abomination, a merfolk siren, 2 worldbinders, 2 sixfirhies, 2 starspawn
tentacles, 3 orc priests and 5 golden eyes.

Vanquished Creatures
  A raiju (Abyss:2)
  A hippogriff (D:7)
  A ynoxinul (Abyss:2)
  Sigmund (D:5)
  A fire bat (Abyss:2)
  A neqoxec (Abyss:2)
  A water moccasin (D:7)
  3 sky beasts
  2 ice beasts (D:6)
  2 phantoms
  An ogre (D:6)
  2 centaurs
  4 bullfrogs
  A scorpion (D:6)
  A water moccasin skeleton (D:5)
  3 electric eels (D:4)
  4 howler monkeys
  5 crimson imps
  4 quasits
  2 orc priests (D:7)
  A bullfrog skeleton (D:6)
  A bullfrog zombie (D:7)
  A centaur skeleton (D:7)
  A hound (D:5)
  2 jellies
  An orc wizard (D:3)
  5 iguanas
  A worker ant (D:4)
  A hound skeleton (D:4)
  6 adders
  A shadow imp (D:5)
  A white imp (D:5)
  An ufetubus (Abyss:2)
  4 oozes
  An adder skeleton (D:5)
  An adder zombie (D:6)
  A worm (D:5)
  5 leopard geckos
  26 orcs
  6 giant cockroaches
  7 hobgoblins
  8 jackals
  2 quokkas
  12 bats
  4 frilled lizards
  12 goblins
  A goblin zombie (D:5)
  A hobgoblin zombie (D:5)
  3 kobolds
  2 kobold skeletons (D:5)
  2 kobold zombies (D:5)
  A leopard gecko skeleton (D:6)
  3 orc skeletons (D:5)
  An orc zombie (D:5)
  2 quokka skeletons (D:5)
  6 rats
175 creatures vanquished.

Notes
Turn   | Place    | Note
-------+----------+-------------------------------------------
     0 | D:1      | Amnesiac the Mummy Monk began the quest for the Orb.
     0 | D:1      | Reached XP level 1. HP: 18/18 MP: 1/1
    66 | D:1      | Reached XP level 2. HP: 17/24 MP: 2/2
   148 | D:1      | Reached skill level 3 in Unarmed Combat
   552 | D:1      | Reached XP level 3. HP: 29/29 MP: 3/3
   920 | D:2      | Found a basalt altar of Yredelemnul.
  1244 | D:2      | Reached skill level 4 in Unarmed Combat
  1349 | D:2      | Found an iron altar of Okawaru.
  1368 | D:2      | Reached XP level 4. HP: 17/35 MP: 4/4
  1391 | D:2      | Became a worshipper of Warmaster Okawaru
  1391 | D:2      | Reached * piety under Okawaru
  1391 | D:2      | Reached ** piety under Okawaru
  2236 | D:3      | Reached XP level 5. HP: 29/41 MP: 5/5
  2449 | D:3      | Reached skill level 5 in Unarmed Combat
  2701 | D:4      | Found an ornate altar of the Wu Jian Council.
  2919 | D:4      | Found a sacrificial altar of Ru.
  2991 | D:4      | Found a transporter.
  3006 | D:4      | Found a transporter.
  3036 | D:4      | Reached skill level 1 in Invocations
  3036 | D:4      | Reached XP level 6. HP: 29/47 MP: 6/6
  3201 | D:4      | Found a staircase to the Ecumenical Temple.
  3388 | D:5      | Entered Level 5 of the Dungeon
  3432 | D:5      | Reached skill level 6 in Unarmed Combat
  3525 | D:5      | Reached XP level 7. HP: 22/52 MP: 8/8
  3709 | D:5      | Reached *** piety under Okawaru
  3736 | D:5      | Noticed Sigmund
  3768 | D:5      | Killed Sigmund
  4076 | D:5      | Found an ancient bone altar of Kikubaaqudgha.
  4502 | D:5      | Found a glowing golden altar of the Shining One.
  4620 | D:5      | Found a shadowy altar of Dithmenos.
  4690 | D:6      | Reached skill level 7 in Unarmed Combat
  4786 | D:6      | Reached XP level 8. HP: 38/58 MP: 10/10
  5051 | D:6      | Found a sparkling altar of Nemelex Xobeh.
  5135 | D:6      | Reached skill level 8 in Unarmed Combat
  5317 | D:6      | Found a shattered altar of Ashenzari.
  5337 | D:6      | Reached **** piety under Okawaru
  5510 | D:6      | Reached skill level 5 in Invocations
  5936 | D:7      | Reached XP level 9. HP: 51/63 MP: 12/12
  5942 | D:7      | Reached skill level 9 in Unarmed Combat
  6454 | D:7      | Reached ***** piety under Okawaru
  6608 | D:7      | Received a gift from Okawaru
  6688 | D:8      | Found Isuesut's Jewellery Emporium.
  6696 | D:8      | Found Goret's Antique Armour Shop.
  6697 | D:8      | Noticed Psyche
  6707 | D:8      | Found Muhuaf's Assorted Antiques.
  6755 | D:8      | Bought a scroll labeled ZOONLO UMULU for 29 gold pieces
  6755 | D:8      | Bought a ring of protection for 58 gold pieces
  6789 | D:8      | Cast into level 2 of the Abyss (Psyche)
  6911 | Abyss:2  | Reached skill level 10 in Unarmed Combat
  7123 | Abyss:2  | Noticed a bone dragon
  7270 | Abyss:2  | Noticed an ancient zyme
  7271 | Abyss:2  | Noticed a worldbinder
  7273 | Abyss:2  | Noticed a sixfirhy
  7275 | Abyss:2  | Noticed a tentacled starspawn
  7276 | Abyss:2  | Noticed a large abomination
  7277 | Abyss:2  | Noticed a worldbinder
  7279 | Abyss:2  | Noticed a cacodemon
  7280 | Abyss:2  | Noticed a merfolk siren
  7281 | Abyss:2  | Noticed a sixfirhy
  7281 | Abyss:2  | HP: 2/63 [sixfirhy (10)]
  7281 | Abyss:2  | Slain by an orc priest

Vault maps used:
D:1:      minmay_arrival_radiant_lines
D:2:      okawaru_altar_gauntlet_db, lemuel_doored_altar,
          hangedman_decor_riveting, minmay_tetromino_s4
D:4:      gammafunk_steamed_eel, lemuel_crystal_altar, lemuel_crystal_altar,
          minmay_temple_entry_poolview, hangedman_abyss_or_decor_lesser_grid
D:5:      kiku_gazebo_garden_becter, nicolae_tso_besieged_by_evil,
          grunt_dithmenos_smoke, first_ration, uniq_sigmund
D:6:      kennysheep_mini, nemelex_xobeh_ov_fountains_minmay
D:8:      kennysheep_mini_moat, serial_shops, nicolae_shop_statue_plus, shop,
          shop, nicolae_shop_overgrown_old_shop, uniq_psyche, uniq_grum
Abyss:2:  evilmike_abyss_exit_8

Skill      XL: |  1  2  3  4  5  6  7  8  9 |
---------------+----------------------------+-----
Unarmed Combat | 3 4 5 6 7 8 10 | 10.3
Invocations    | 1 2 3 5 6 |  6.7
Fighting       | |  3.0
Dodging        | |  2.4
Stealth        | |  1.5

Action                   |  1- 3 |  4- 6 |  7- 9 || total
-------------------------+-------+-------+-------++-------
Melee: Unarmed           |   157 |   215 |   481 ||   853
       Punch             |     4 |     5 |    10 ||    19
Invok: Heroism           |       |       |     1 ||     1
Evoke: Wand              |       |     3 |    12 ||    15
  Use: Scroll            |       |     6 |     6 ||    12
 Stab: Sleeping          |     7 |       |       ||     7
Armor: Robe              |    33 |     3 |       ||    36
       Chain mail        |       |    69 |       ||    69
       Plate armour      |       |    40 |   349 ||   389
Dodge: Dodged            |   123 |    78 |   221 ||   422

Table legend:
 A = Spawn XP
 B = Non-spawn XP
 C = Spawn XP percentage of total XP
 D = Spawn monster count
 E = Non-spawn monster count
 F = Spawn count percentage of total count
 G = Total turns spent on level
                    A         B        C        D         E        F      G
               +---------+---------+-------+---------+---------+-------+---------
         Total |     848 |    4124 |  17.1 |       5 |     170 |   2.9 |  7281
               +---------+---------+-------+---------+---------+-------+---------
           D:1 |       0 |      57 |   0.0 |       0 |      26 |   0.0 |   986
           D:2 |       0 |      82 |   0.0 |       0 |      36 |   0.0 |  1020
           D:3 |       0 |     145 |   0.0 |       0 |      19 |   0.0 |   694
           D:4 |       0 |     230 |   0.0 |       0 |       7 |   0.0 |   688
           D:5 |       0 |     669 |   0.0 |       0 |      28 |   0.0 |  1292
           D:6 |       0 |    1517 |   0.0 |       0 |      23 |   0.0 |  1171
           D:7 |       0 |    1365 |   0.0 |       0 |      27 |   0.0 |   837
           D:8 |       0 |      59 |   0.0 |       0 |       4 |   0.0 |   101
       Abyss:2 |     848 |       0 | 100.0 |       5 |       0 | 100.0 |   492
               +---------+---------+-------+---------+---------+-------+---------
